 Dungeon Crawl Stone Soup version 0.31-a0-1300-gb6740aa4e6 (webtiles) character file.

Game seed: 3546778840611229734

3427 bmb222 the Cleaver (level 10, -2/88 HPs)
             Began as a Hill Orc Monk on Dec 18, 2023.
             Slain by a meliai
             ... wielding a +0 hand axe
              (4 damage)
             ... on level 8 of the Dungeon.
             The game lasted 00:05:46 (6802 turns).

bmb222 the Cleaver (Hill Orc Monk)                  Turns: 6802, Time: 00:05:47

Health: -2/88      AC: 15    Str: 19    XL:     10   Next: 5%
Magic:  10/10      EV: 10    Int: 10    God:
Gold:   124        SH:  5    Dex: 13    Spells: 9/9 levels left

rFire   + . .        M - +8 war axe of the Shallot {flame, rN++}
rCold   . . .        d - orb {light}
rNeg    + + .        h - +0 scale mail
rPois   .            w - +2 hat
rElec   .            L - +2 cloak
rCorr   .            (no gloves)
SInv    .            o - +1 pair of boots
Will    .....        s - amulet of reflection Stlth
                     t - ring of protection from fire
HPRegen 0.34/turn    (no ring)
MPRegen 0.12/turn

%: reflection
@: about to teleport, glowing
A: no striking features
a: no special abilities


You were on level 8 of the Dungeon.
You visited 1 branch of the dungeon, and saw 8 of its levels.
You also visited: Sewer.

You collected 362 gold pieces.
You spent 238 gold pieces at shops.

Inventory:

Hand Weapons
 a - a +0 hand axe
 c - a +1 war axe of electrocution
 M - the +8 war axe of the Shallot (weapon) {flame, rN++}
   (You bought it in a shop on level 8 of the Dungeon)

   rN++:      It greatly protects you from negative energy.
Missiles
 z - 2 throwing nets
Armour
 b - a +0 robe
 d - an orb of light (worn)
 h - a +0 scale mail (worn)
 o - a +1 pair of boots (worn)
 u - a scarf of invisibility
 w - a +2 hat (worn)
 H - a +0 cloak
 L - a +2 cloak (worn)
Jewellery
 s - an amulet of reflection (around neck)
 t - a ring of protection from fire (left hand)
 K - a ring of protection from fire
Talismans
 v - a maw talisman
Wands
 r - a wand of charming (26)
 D - a wand of iceblast (5)
 I - a wand of acid (9)
Scrolls
 e - 6 scrolls of teleportation
 f - 4 scrolls of enchant weapon {unknown}
 g - a scroll of revelation {unknown}
 i - a scroll of summoning {unknown}
 n - 6 scrolls of identify
 x - a scroll of immolation {unknown}
 y - a scroll of poison {unknown}
 F - a scroll of enchant armour {unknown}
 G - a scroll of fog {unknown}
Potions
 j - a potion of degeneration {unknown}
 k - a potion of cancellation
 l - 3 potions of magic {unknown}
 m - 2 potions of mutation {unknown}
 p - a potion of ambrosia
 q - a potion of lignification {unknown}
 A - 2 potions of enlightenment
 B - 2 potions of curing
 E - 2 potions of haste {unknown}
 J - a potion of berserk rage {unknown}


   Skills:
 + Level 7.9 Fighting
 + Level 13.1 Axes
 + Level 8.0 Armour
 - Level 2.6 Dodging
 * Level 2.3 Shapeshifting


You had 9 spell levels left.
You didn't know any spells.
Your spell library contained the following spells:

 Spells                   Type           Power      Damage    Failure   Level
 Ensorcelled Hibernation  Hex/Ice        0%         N/A       83%         2
 Jinxbite                 Hex            0%         N/A       83%         2
 Anguish                  Hex/Necr       0%         N/A       100%        4


Dungeon Overview and Level Annotations

Branches:
Dungeon (8/15)             Temple (0/1) D:5           Sewer (visited)
   Lair: D:8-11

Altars:
Fedhas

Shops:
D:6 =   D:8 (

Annotations:
D:7 2 runed translucent doors, pigah's ghost, novice OpSh


Message History

There are monsters nearby!
You barely miss the meliai.
The meliai is lightly wounded.
You feel very sick. The meliai hits you with a +0 hand axe.
The meliai stings you but does no damage.
The meliai invokes the aid of its god against you.
Something smites you!
You feel much better.
You feel very sick. The meliai hits you with a +0 hand axe.
The meliai stings you but does no damage.
The kobold brigand barely misses you. The meliai closely misses you.
The meliai stings you but does no damage.
You feel much better.
You feel sick.
The meliai invokes the aid of its god against you.
Something smites you!
The kobold brigand hits you with a +0 club.
The meliai hits you with a +0 hand axe.
The meliai stings you but does no damage.
Unknown command.
As you read the scroll labelled FASISHR BANN, it crumbles to dust.
It is a scroll of identify.
e - 7 scrolls of teleportation You feel sick.
The meliai hits you but does no damage.
The meliai stings you but does no damage.
The kobold brigand hits you with a +0 club.
* * * LOW HITPOINT WARNING * * *
The meliai hits you but does no damage. The meliai barely misses you.
As you read the scroll of teleportation, it crumbles to dust.
You feel strangely unstable.
You feel sick.
The meliai mumbles some strange prayers to its god against you.
Something smites you!
* * * LOW HITPOINT WARNING * * *
The kobold brigand hits you but does no damage.
The meliai closely misses you. The meliai misses you.
You feel better. The meliai hits you with a +0 hand axe!
* * * LOW HITPOINT WARNING * * *
The meliai stings you.
You die...

#.##.......###.########
#.#.............$......
#.#........#..........
#...########.#....#
#...............#.##
########...#.#..#..#
....)........#.#.#
########...#...#)#
######.##@# ..#Ky.#
#.##.#.# .. .. .?
#.#### ###


You could see a kobold brigand and a meliai.

Vanquished Creatures
  A shadow (D:7)
  A steam dragon (D:6)
  A vampire mosquito (D:8)
  A water moccasin (D:7)
  Duvessa (D:7)
  A sky beast (D:6)
  2 black bears
  2 ice beasts
  2 centaurs (D:7)
  An ogre (D:5)
  2 phantoms
  6 kobold brigands
  A gnoll sergeant (D:5)
  A scorpion (D:6)
  3 bullfrogs
  4 wights (D:6)
  Dowan (D:7)
  Crazy Yiuf (D:7)
  2 orc priests (D:5)
  3 hounds
  A sleepcap (D:4)
  5 iguanas
  Natasha (thrice) (D:2)
  An orc wizard (D:5)
  16 gnolls
  12 adders
  6 river rats
  3 white imps
  2 ufetubi (D:6)
  9 worms
  A dart slug (D:5)
  23 orcs
  9 ball pythons
  9 endoplasms
  4 giant cockroaches
  10 hobgoblins
  11 jackals
  4 quokkas
  6 bats
  A frilled lizard (D:3)
  9 goblins
  24 kobolds
  14 rats
220 creatures vanquished.

Notes
Turn   | Place    | Note
-------+----------+-------------------------------------------
     0 | D:1      | bmb222 the Hill Orc Monk began the quest for the Orb.
     0 | D:1      | Reached XP level 1. HP: 19/19 MP: 1/1
    86 | D:1      | Reached XP level 2. HP: 21/27 MP: 2/2
   547 | D:1      | Reached XP level 3. HP: 26/33 MP: 3/3
  1072 | D:2      | Noticed Natasha
  1090 | D:2      | Killed Natasha
  1091 | D:2      | Reached skill level 5 in Axes
  1091 | D:2      | Reached skill level 1 in Armour
  1091 | D:2      | Reached XP level 4. HP: 12/40 MP: 4/4
  1506 | D:2      | Noticed Natasha
  1512 | D:2      | Killed Natasha
  1513 | D:2      | Reached XP level 5. HP: 30/47 MP: 5/5
  1667 | D:2      | Noticed Natasha
  1676 | D:2      | Killed Natasha
  1677 | D:2      | Reached skill level 6 in Axes
  2620 | D:4      | Reached XP level 6. HP: 53/53 MP: 6/6
  2872 | D:4      | Reached skill level 7 in Axes
  2958 | D:4      | Noticed a black bear
  2972 | D:4      | Killed a black bear
  2973 | D:4      | Reached skill level 5 in Fighting
  2973 | D:4      | Reached XP level 7. HP: 42/61 MP: 7/7
  3237 | D:5      | Entered Level 5 of the Dungeon
  3301 | D:5      | Reached skill level 8 in Axes
  3439 | D:5      | Found a glowing drain.
  3447 | Sewer    | Entered a sewer
  3565 | Sewer    | Reached skill level 9 in Axes
  3568 | Sewer    | Reached XP level 8. HP: 55/70 MP: 8/8
  3634 | Sewer    | Found a white marble altar of Elyvilon.
  3886 | D:5      | Reached skill level 5 in Armour
  4085 | D:5      | Found a staircase to the Ecumenical Temple.
  4131 | D:5      | Reached skill level 10 in Axes
  4773 | D:5      | Found a blossoming altar of Fedhas.
  4792 | D:5      | Identified the +6 scale mail of Imehesh {Str+3}
  5178 | D:6      | Found Hohom's One-of-a-Kind Rings.
  5201 | D:6      | Reached skill level 11 in Axes
  5201 | D:6      | Reached XP level 9. HP: 63/78 MP: 9/9
  5664 | D:7      | Found a large runed translucent door.
  5664 | D:7      | Found a large runed translucent door.
  5671 | D:7      | Noticed pigah's ghost (novice OpSh)
  5719 | D:7      | Reached skill level 12 in Axes
  5719 | D:7      | Reached skill level 1 in Shapeshifting
  5866 | D:7      | Found a runed translucent door.
  5867 | D:7      | Noticed Crazy Yiuf
  6246 | D:7      | Noticed Dowan
  6247 | D:7      | Noticed Duvessa
  6251 | D:7      | Killed Dowan
  6257 | D:7      | Killed Duvessa
  6558 | D:7      | Paralysed by Crazy Yiuf for 1 turns
  6560 | D:7      | Killed Crazy Yiuf
  6695 | D:8      | Found Yssabiel's Antique Weapon Shop.
  6703 | D:8      | Bought a faintly glowing war axe for 238 gold pieces
  6703 | D:8      | Identified the +8 war axe of the Shallot {flame, rN++} (You
                  | bought it in a shop on level 8 of the Dungeon)
  6783 | D:8      | Reached XP level 10. HP: 82/88 MP: 10/10
  6786 | D:8      | Reached skill level 13 in Axes
  6802 | D:8      | HP: 2/88 [meliai/+0 hand axe (9)]
  6802 | D:8      | Slain by a meliai

Illustrated notes

Levels and vault maps discovered:
D:1:      lightli_arrival_lavapool, layout_basic, nicolae_houndstooth_variations
D:2:      minmay_razor_zed, layout_loops_ring, uniq_natasha
D:3:      layout_basic, minmay_misc_feat_iff
D:4:      layout_rooms, minmay_misc_feat_chi
D:5:      cheibrodos_thug_alley, layout_cave_pods,
          mainiacjoe_overflow_small_starburst, minmay_temple_entry_antechambers,
          lightli_sewer_entry_pipes, nrook_mini_backslash
D:6:      layout_rooms, nicolae_shop_unique_rings
D:7:      layout_loops_cross, ebering_ghost_disaster_area, glass_columns_a,
          uniq_crazy_yiuf_cottage, uniq_duvessa
D:8:      minmay_the_grid_four_pointed_star [minmay_the_grid_triangle_9x9_cache,
          minmay_the_grid_triangle_9x9_intruding_spiral,
          minmay_the_grid_triangle_9x9_alien,
          minmay_the_grid_triangle_9x9_descending_squares,
          minmay_the_grid_prize_four_corners], layout_basic, serial_shops,
          nicolae_stop_n_shop_1, shop, nicolae_shop_back_alley_shop,
          serial_demonic, serial_demonic_c, serial_demonic_f, serial_demonic_g,
          serial_demonic_b, uniq_maurice

Skill      XL: |  1  2  3  4  5  6  7  8  9 10 |
---------------+-------------------------------+-----
Fighting       | 4 5 6 7 |  7.9
Axes           | 5 6 7 9 11 12 13 | 13.1
Armour         | 1 2 3 4 6 7 8 |  8.0
Shapeshifting  | 2 |  2.3
Dodging        | |  2.6

Action                     |  1- 3 |  4- 6 |  7- 9 | 10-12 || total
---------------------------+-------+-------+-------+-------++-------
  Melee: Hand axe          |    69 |       |       |       ||    69
         War axe           |       |   139 |   245 |     6 ||   390
    Use: Potion            |     2 |       |       |     3 ||     5
         Scroll            |       |       |       |     2 ||     2
 Armour: Robe              |    16 |       |       |       ||    16
         Scale mail        |    49 |    96 |   217 |    26 ||   388
  Dodge: Dodged            |    47 |    77 |   111 |     7 ||   242

Table legend: (Time is in decaauts)
 A = Elapsed time spent in this place.
 B = Non-inter-level travel time spent in this place.
 C = Inter-level travel time spent in this place.
 D = Time resting spent in this place.
 E = Time spent auto-exploring this place.
 F = Levels seen in this place.
 G = Mean time per level.
                   A        B        C        D        E       F      G
               +--------+--------+--------+--------+--------+-----+--------+
         Total |   6875 |   6606 |    269 |    254 |   5296 |   9 |  763.9 |
       Dungeon |   6582 |   6313 |    269 |    254 |   5059 |   8 |  822.8 |
         Sewer |    293 |    293 |      0 |      0 |    237 |   1 |  293.0 |
               +--------+--------+--------+--------+--------+-----+--------+

Top non-repeatable levels by time:
     D:5: 1532 daAuts
     D:2: 1177 daAuts
     D:7: 1055 daAuts
     D:1: 947 daAuts
     D:4: 630 daAuts
     D:6: 623 daAuts
     D:3: 511 daAuts
   Sewer: 293 daAuts
     D:8: 103 daAuts
